[Event "*** Titled Tuesday Blitz"]
[Site "Chess.com"]
[Date "2020.05.26"]
[Round "9"]
[White "TheBigBadChessDad"]
[Black "dpopadic"]
[Result "1/2-1/2"]
[WhiteElo "2239"]
[BlackElo "2366"]
[TimeControl "180+1"]
[EndTime "11:53:23 PDT"]
[Termination "Game drawn by repetition"]

1. d4 Nf6 2. Nf3 g6 3. Bg5 Bg7 4. Nbd2 O-O 5. c3 d6 6. e4 Nc6 7. Bc4 e5 8. dxe5 Nxe5 9. Nxe5 dxe5 10. O-O Qe7 11. Qe2 c6 12. a4 Bd7 13. Rfd1 Rad8 14.
h3 Bc8 15. Nf1 h6 16. Bxf6 Bxf6 17. Rxd8 Rxd8 18. Rd1 Kg7 19. Ne3 Bg5 20. Ng4 Rxd1+ 21. Qxd1 h5 22. Nh2 Qd7 23. Qf3 Bf6 24. Nf1 Qe7 25. g3 Bxh3 26. Ne3 Bg5 27. Nc2 Qf6 28. Qd3 Bc1 29. b3 Bg5 30. a5 a6 31.
b4 Qd8 32. Qf3 Bf6 33. Ne3 Qd2 34. Kh2 Bc8 35. Bf1 Be6 36. Nc4 Bxc4 37. Bxc4 Qd7 38.
Kg2 Qe7 39. Qd3 Qd8 40. Qe2 Qe7 41. Qf3 Qd8 42. Qe2 Qd6 43. Qa2 Qd7 44. Be2 Bg5 45.
Bf3 h4 46. Qe2 hxg3 47. Kxg3 Qd2 48. Qc4 Qd7 49. Bg4 Qd6 50. Qe2 Bf6 51. Bc8 Qc7 52. Bh3 Qd8 53. Qg4 Be7 54. Qd7 Qxd7 55. Bxd7 c5 56.
bxc5 Bxc5 57. Bc8 b6 58. axb6 Bxb6 59. Bxa6 f5 60. f3 Kf6 61. Bc8 Bc5 62. Kg2 fxe4 63.
fxe4 g5 64. Kf3 Bb6 65. Bf5 Bc5 66. Ke2 Ke7 67. Kd3 Kd6 68. Kc4 Be3 69. Kb5 Bf4 70. c4 Kc7 71. c5 Bg3 72. c6 Bf4 73. Kc5 Bg3 74. Kd5 Bf4 75. Bd7 Bg3 76. Ke6 Bf4 77.
Kf5 Kd6 78. Kg4 Kc7 79. Kh5 Kd6 80. Kg6 Kc7 81. Kf7 Be3 82. Ke8 Bf4 83. Kf7 Bg3 84. Kf6 Bf4 85. Kf5 Kd6 86. Kg4 Kc7 87. Kf3 Kd6 88. Ke2 Kc7 89. Kd3 Bg3 90. Kc4 Bf4 91. Kd5 Bg3 92. Ke6 Bf4 93. Kf5 1/2-1/2

[Event "*** Titled Tuesday Blitz"]
[Site "Chess.com"]
[Date "2020.05.26"]
[Round "9"]
[White "Shivagami"]
[Black "czasnaszachy"]
[Result "1-0"]
[WhiteElo "2238"]
[BlackElo "2332"]
[TimeControl "180+1"]
[EndTime "11:53:23 PDT"]
[Termination "Shivagami won by checkmate"]

1. e4 c5 2. Nc3 Nc6 3. g3 g6 4. Bg2 Bg7 5. d3 d6 6. Be3 Nf6 7. h3 O-O 8. Qd2 Rb8 9. Nge2 b5 10. Bh6 b4 11. Nd1 a5 12. O-O Ba6 13. Bxg7 Kxg7 14.
f4 Qb6 15. Ne3 Rfc8 16. f5 Nd7 17. g4 Nce5 18. Nd5 Qd8 19. g5 c4 20. d4 Nc6 21.
f6+ exf6 22. gxf6+ Kh8 23. Qh6 Qf8 24. Qh4 c3 25.
Rf2 cxb2 26. Rb1 Bxe2 27. Rxe2 Nxd4 28. Rf2 Rxc2 29. Rxc2 Nxc2 30. Rxb2 Nd4 31. Rd2 Nb5 32. Ne7 Ne5 33. Rd5 h5 34. Qg5 Nc3 35. Rxa5 Ne2+ 36.
Kf2 Nd4 37. Ra7 Ne6 38. Qe3 b3 39. axb3 Nc5 40. Ra3 Ncd3+ 41. Kg1 Nc5 42. Bf1 Ncd7 43. Qf4 Nc5 44. Be2 Ncd3 45. Qe3 Nc5 46. Kh1 Ne6 47. b4 Rd8 48. b5 Nd7 49. b6 Nxf6 50. Nc6 Rc8 51. b7 Rxc6 52. Ra8 Qxa8 53. bxa8=Q+ Kg7 54. Qxc6 Nf8 55. Qd4 Ne6 56. Qdc3 Nf8 57. Qxd6 Nh7 58. e5 Kh6 59. exf6 Nxf6 60. Qdxf6 Kh7 61. Qg7# 1-0

[Event "*** Titled Tuesday Blitz"]
[Site "Chess.com"]
[Date "2020.05.26"]
[Round "9"]
[White "kingmonkey2006"]
[Black "Gabrielian_Artur"]
[Result "1-0"]
[WhiteElo "2586"]
[BlackElo "2727"]
[TimeControl "180+1"]
[EndTime "11:53:27 PDT"]
[Termination "kingmonkey2006 won by resignation"]

1. d4 Nf6 2. Nf3 e6 3. Bf4 c5 4.
e3 b6 5. Nbd2 Bb7 6. c3 Be7 7.
Bd3 O-O 8. O-O cxd4 9. exd4 d6 10. a4 a6 11. h3 Nbd7 12. Nc4 Qc7 13. Bg3 Ne4 14.
Bh2 Ndf6 15. Qe2 b5 16. Ncd2 Nxd2 17. Nxd2 bxa4 18. f3 Bc6 19. Bc2 Rfb8 20. Ra2 Nd5 21. Ne4 Rb6 22. Bxa4 Rab8 23. Bxc6 Qxc6 24. Rfa1 a5 25.
Kh1 h6 26. c4 Nf6 27. c5 Nxe4 28. cxb6 Nf6 29. Rxa5 Rxb6 30. Ra7 Bf8 31. Qd2 Rb8 32. Rc1 Qb6 33. Rcc7 Qxb2 34. Qxb2 Rxb2 35. Rxf7 Rb1+ 36.
Bg1 Nd5 37. Kh2 g5 38. h4 gxh4 39. Rfd7 h3 40. Rd8 Nf6 41. Raa8 Nh7 42. gxh3 Kf7 43. Rd7+ Be7 44. Rxe7+ Kxe7 45. Ra7+ Kf6 46. Rxh7 Rb2+ 47. Kg3 Kf5 48. Rxh6 Rb1 49. Bf2 e5 50. dxe5 dxe5 51. h4 Rb3 52. Rh8 e4 53. Rf8+ Kg6 54. Kg4 e3 55. Bg3 Rb4+ 56. f4 Re4 57. Ra8 e2 58.
Ra1 Re3 59. Re1 Kf6 60. Bf2 Re8 61. Kf3 Kf5 62. Rxe2 Ra8 63. Re5+ Kg6 64. Kg4 Ra2 65. Bg3 Ra3 66. h5+ 1-0

[Event "*** Titled Tuesday Blitz"]
[Site "Chess.com"]
[Date "2020.05.26"]
[Round "9"]
[White "mohamed-damaj"]
[Black "PavelShkapenko"]
[Result "0-1"]
[WhiteElo "2294"]
[BlackElo "2631"]
[TimeControl "180+1"]
[EndTime "11:53:27 PDT"]
[Termination "PavelShkapenko won by resignation"]

1. e4 c5 2. d4 cxd4 3. c3 Nc6 4.
cxd4 d5 5. e5 Bf5 6. Nc3 e6 7.
Nf3 Bb4 8. Bd3 Bg4 9. Be3 Nge7 10. a3 Ba5 11. b4 Bb6 12. Nb5 Bxf3 13. Qxf3 O-O 14. Qg4 Nf5 15. Bxf5 exf5 16. Qxf5 a6 17. Nd6 Nxd4 18. Qd3 Nc6 19. Bxb6 Qxb6 20. Qxd5 Rad8 21.
O-O Nxe5 22. Qxe5 Rxd6 23. Rad1 Re6 24. Qd5 Qc7 25. Rd2 g6 26. Rfd1 Rfe8 27. g3 b5 28. Qf3 Qe5 29. Rd7 Rf6 30. Qd5 Qe2 31. Rd2 Qe1+ 32. Kg2 Qa1 33. Rd8 Rxd8 34. Qxd8+ Kg7 35.
Qd3 Qe5 36. Re2 Qc7 37. Re8 Qc6+ 38. Qe4 Qd7 39. Re7 Qd2 40. Qe2 Qd5+ 41. Qe4 Qa2 42. Qe2 Qxa3 43. Re8 Qxb4 44. Qe5 Qc4 45. Rg8+ Kxg8 46.
Qxf6 Qe6 47. Qd8+ Kg7 48. Qd4+ Qf6 49. Qa7 Qc6+ 50. Kg1 Qf6 51. Qb8 h5 52. Kg2 Qc6+ 53.
Kg1 Qd5 54. Qa7 Qe6 55. Qd4+ Qf6 56. Qb4 Qe5 57. Qa5 Qf6 58. Kg2 Qc6+ 59. Kg1 Kh7 60. Kf1 Qb7 61. Kg1 b4 62. Qa2 b3 63.
Qb2 a5 64. h4 a4 65. Qa3 b2 0-1

[Event "*** Titled Tuesday Blitz"]
[Site "Chess.com"]
[Date "2020.05.26"]
[Round "9"]
[White "jonaszmb"]
[Black "ArnieChipmunk"]
[Result "0-1"]
[WhiteElo "2444"]
[BlackElo "2296"]
[TimeControl "180+1"]
[EndTime "11:53:27 PDT"]
[Termination "ArnieChipmunk won by resignation"]

1. e4 e5 2. Nf3 d6 3. Bc4 f5 4.
Bxg8 Rxg8 5. d4 Nc6 6. Ng5 Nxd4 7. Nxh7 Qh4 8. Ng5 fxe4 9. g3 Qg4 10. Qxg4 Bxg4 11.
Kd2 Be7 12. h4 Rh8 13. Nxe4 Bf3 14. Re1 Bg4 15. Kd3 d5 16. Ng5 Bf5+ 17. Kc3 Nxc2 18.
Rxe5 Bg6 19. Re6 Bf5 20. Re5 Bg6 21. Re6 d4+ 22. Kb3 Nxa1+ 23. Ka4 Bxb1 24. Bf4 Kd7 25. Re1 Bc2+ 26. b3 Nxb3 27. axb3 d3 28. Nf3 a6 29. Ne5+ Kc8 30. Ng6 b5+ 31. Ka5 Bd8 32. Bg5 Bxg5 33.
hxg5 Rh5 34. Nf4 Rxg5 35. Re8+ Kb7 36. Re3 Rd8 37. Nxd3 Bxd3 38. f4 b4+ 39. fxg5 Bb5 40. Re7 Rd7 41. Re8 Rd2 42. Rg8 Ra2+ 43. Kxb4 a5+ 44.
Kc5 Bc6 45. Rxg7 Rc2+ 46. Kd4 Rb2 47. g6 Rxb3 48. g4 Rg3 49. Kc5 Rxg4 50. Rg8 a4 51.
g7 a3 52. Rf8 Rxg7 53. Rf3 a2 54. Rb3+ Kc8 55. Ra3 Rg2 56. Kxc6 Rc2+ 57. Kd5 Kb7 58. Kd4 Kb6 59. Kd3 Rh2 60. Kc3 Rh3+ 61. Kb2 Rxa3 62.
Ka1 Ra5 0-1

[Event "*** Titled Tuesday Blitz"]
[Site "Chess.com"]
[Date "2020.05.26"]
[Round "9"]
[White "TargetA"]
[Black "Man-Chuk"]
[Result "0-1"]
[WhiteElo "2571"]
[BlackElo "2759"]
[TimeControl "180+1"]
[EndTime "11:53:28 PDT"]
[Termination "Man-Chuk won by checkmate"]

1. e4 c6 2. d4 d5 3. Nc3 dxe4 4. Nxe4 Bf5 5. Ng3 Bg6 6. h4 h6 7. Nf3 e6 8. h5 Bh7 9. Bd3 Bxd3 10. Qxd3 Nf6 11. Bf4 Qa5+ 12. Bd2 Bb4 13. c3 Be7 14. Ne5 Nbd7 15. f4 Rd8 16. Qf3 O-O 17. O-O c5 18.
Be3 Nd5 19. Bf2 cxd4 20. Bxd4 Bc5 21. Rfd1 Qb6 22. Qf2 Bxd4 23. Rxd4 Nxe5 24. fxe5 Ne7 25. Rad1 Rxd4 26. cxd4 Rd8 27. Ne4 Nf5 28. Nc5 Qb4 29.
a3 Qc4 30. Nxb7 Qb3 31. Nxd8 Qxd1+ 32. Kh2 Qxh5+ 33. Kg1 Qd1+ 34. Kh2 Qxd4 35. Qxd4 Nxd4 36. Kg3 Kf8 37. Kf4 Ke7 38. Nb7 f6 39. Ke4 Nb3 40.
Nd6 f5+ 41. Ke3 Kd7 42. Kd3 Kc6 43. Kc4 Nd2+ 44. Kd3 Nf1 45. Kd4 f4 46. b4 Ne3 47.
g3 Nc2+ 48. Ke4 fxg3 49. b5+ Kd7 50. Kf3 Nxa3 51. Kxg3 Nc2 52. Kg4 Nb4 53. Kh5 Nd3 54. Nc4 Nf4+ 55. Kg4 g5 56. Na5 Nd3 57. Nc6 Kc7 58.
Nxa7 Nxe5+ 59. Kh5 g4 60. b6+ Kxb6 61. Nc8+ Kc5 62.
Ne7 g3 63. Ng8 g2 64. Nf6 g1=Q 65. Ne4+ Kd4 66. Nf6 Qg5# 0-1

[Event "*** Titled Tuesday Blitz"]
[Site "Chess.com"]
[Date "2020.05.26"]
[Round "9"]
[White "GrafLermontov"]
[Black "BogdanBelyakov89"]
[Result "0-1"]
[WhiteElo "2494"]
[BlackElo "2638"]
[TimeControl "180+1"]
[EndTime "11:53:28 PDT"]
[Termination "BogdanBelyakov89 won by resignation"]

1. d4 Nf6 2. c4 g6 3. Nc3 Bg7 4. e4 O-O 5. Be2 d6 6. Be3 c5 7. e5 dxe5 8. dxe5 Qxd1+ 9. Rxd1 Ng4 10. Bxc5 Nxe5 11. f4 Ng4 12. h3 Nf6 13. Bxe7 Re8 14. Ba3 Nc6 15. Nf3 Nh5 16. Kf2 Nxf4 17. Bf1 Bf5 18.
g3 Bxc3 19. bxc3 Ne6 20. Rd2 Rad8 21. Bd6 Be4 22. Bg2 Bxf3 23. Bxf3 Ne5 24. Rhd1 Nxc4 25. Rd5 Nxd6 26. Rxd6 Rxd6 27. Rxd6 Re7 28. c4 b6 29. Bd5 Nc5 30. Rd8+ Kg7 31. Kf3 g5 32. h4 gxh4 33.
gxh4 h6 34. Kf4 Ne6+ 35. Bxe6 Rxe6 36. Rd7 a5 37. Rd4 Re2 38. a3 Ra2 39. Rd6 Rxa3 40. Rxb6 Rc3 41. Rc6 a4 42. c5 a3 43. Ra6 f6 44. h5 Rxc5 45. Ra7+ Kg8 46. Rxa3 Rxh5 47. Ra7 Rg5 48. Re7 h5 49. Re3 Kg7 50. Re7+ Kg6 51. Re8 Rf5+ 52. Kg3 Re5 53. Rg8+ Kf7 54. Rh8 Kg7 55. Rd8 Re4 56. Rd7+ Kg6 57. Rd5 Rb4 58. Rd8 h4+ 59. Kh3 f5 60. Rg8+ Kh5 61. Rh8+ Kg5 62. Rg8+ Kf4 63. Kxh4 Rb1 64. Kh3 Rb2 65. Rg3 Rf2 66. Ra3 Rf3+ 67. Rxf3+ Kxf3 68. Kh2 f4 69. Kg1 Ke2 0-1

[Event "*** Titled Tuesday Blitz"]
[Site "Chess.com"]
[Date "2020.05.26"]
[Round "9"]
[White "TenisMaster"]
[Black "BaMBoMaTTo"]
[Result "1-0"]
[WhiteElo "2827"]
[BlackElo "2693"]
[TimeControl "180+1"]
[EndTime "11:53:29 PDT"]
[Termination "TenisMaster won by resignation"]

1. e4 c5 2. Nf3 d6 3. d4 cxd4 4.
Nxd4 Nf6 5. Nc3 a6 6. Be2 e5 7. Nb3 Be7 8. Be3 Be6 9. Qd3 Nbd7 10. Nd5 O-O 11. a4 Rc8 12. c4 Bxd5 13. cxd5 Nb6 14.
Nd2 Nbd7 15. a5 Nc5 16. Qb1 Ne8 17. b4 Nd7 18. O-O g6 19. Nc4 Bg5 20. Qc1 Bxe3 21. Qxe3 f5 22. exf5 Rxf5 23. Rac1 Rf4 24. g3 Rd4 25.
Rfd1 Rxd1+ 26. Rxd1 Ndf6 27. Qa7 Rc7 28. Qb6 Qe7 29. Kg2 Kg7 30. Qe3 h5 31. h4 Nd7 32.
Bd3 Nef6 33. Qg5 e4 34. Be2 Ne5 35. Nxe5 Qxe5 36. Qxe5 dxe5 37. d6 Rd7 38. b5 axb5 39. Bxb5 Rd8 40. Bc4 Ne8 41. d7 Nf6 42. Be6 Kf8 43.
Rb1 Ke7 44. Bh3 Ra8 45. Rxb7 Rxa5 46. Rb8 Rd5 47. Rb6 Rd2 48. Re6+ Kf7 49. Rxe5 Nxd7 50.
Rxe4 Nf6 51. Re3 Kg7 52. Be6 Rd4 53. Kf3 Ng4 54. Bxg4 Rxg4 55. Re4 Rxe4 56. Kxe4 Kf6 57. Kf4 Kg7 58. Kg5 Kf7 59. Kh6 Kf6 60. f3 Kf5 61. f4 Kf6 62. Kh7 Kf7 63. f5 gxf5 64. Kh6 Kf6 65.
Kxh5 f4 66. gxf4 Kf5 67. Kh6 Kf6 68. h5 1-0

[Event "*** Titled Tuesday Blitz"]
[Site "Chess.com"]
[Date "2020.05.26"]
[Round "9"]
[White "Moon_stone123"]
[Black "grunbergmihai"]
[Result "0-1"]
[WhiteElo "2506"]
[BlackElo "2404"]
[TimeControl "180+1"]
[EndTime "11:53:29 PDT"]
[Termination "grunbergmihai won by checkmate"]

1. Nf3 d5 2. g3 c6 3. Bg2 Nf6 4.
O-O Bg4 5. d3 Nbd7 6. c4 e6 7.
Nbd2 Bc5 8. b3 a5 9. a3 O-O 10. Bb2 Qe7 11. Qc2 Rfc8 12. h3 Bh5 13. g4 Bg6 14.
Nh4 e5 15. Nxg6 hxg6 16. Qc1 d4 17. Nf3 Nf8 18. Qc2 Qd6 19. Bc1 Ne6 20. Qb2 e4 21. dxe4 Nxe4 22. Bd2 Nxd2 23. Qxd2 Bxa3 24. Rfd1 Bb4 25.
Qd3 Nf4 26. Qc2 c5 27. e3 Nxg2 28. Kxg2 Qc6 29. exd4 cxd4 30. Rxd4 Rd8 31. Rad1 Rxd4 32. Rxd4 Re8 33. Qd3 Bc5 34. Rd8 Rxd8 35. Qxd8+ Kh7 36. Qh4+ Kg8 37. Qd8+ Kh7 38. Qd5 Qxd5 39. cxd5 b5 40. Nd2 a4 41. bxa4 bxa4 42. Ne4 Bb4 43. d6 Bxd6 44.
Nc3 a3 45. Kf3 Bb4 46. Na2 Bc5 47. Ke2 f5 48. f3 Kh6 49. Kf1 Kg5 50. Kg2 Kf4 51. Nc3 Ke3 52. Na2 Kd2 53. h4 Kc2 54. h5 gxh5 55. gxh5 Kb2 56. h6 gxh6 57. f4 Kxa2 58. Kh3 Kb2 59. Kh4 a2 60. Kh5 a1=Q 61. Kg6 Qg1+ 62. Kxf5 h5 63. Ke6 h4 64. Kf5 h3 65.
Ke6 h2 66. Kf7 h1=Q 67. f5 Qe4 68. f6 Qgg6# 0-1

[Event "*** Titled Tuesday Blitz"]
[Site "Chess.com"]
[Date "2020.05.26"]
[Round "9"]
[White "ama18"]
[Black "Semen_Khanin"]
[Result "1/2-1/2"]
[WhiteElo "2538"]
[BlackElo "2705"]
[TimeControl "180+1"]
[EndTime "11:53:30 PDT"]
[Termination "Game drawn by repetition"]

1. e4 c5 2. Nf3 e6 3. d4 cxd4 4. Nxd4 Nc6 5. Nc3 Qc7 6. g3 a6 7.
Bg2 d6 8. O-O Bd7 9. Re1 Nf6 10.
Nxc6 Bxc6 11. Nd5 Qd8 12. Be3 Nd7 13. c4 Be7 14. Nxe7 Qxe7 15. Qd4 O-O 16. Rad1 Nf6 17.
Qxd6 Qxd6 18. Rxd6 Nxe4 19. Rxc6 bxc6 20. Bxe4 Rac8 21.
Rd1 Rfd8 22. Rxd8+ Rxd8 23. Bxc6 Rc8 24. Bb7 Rxc4 25.
Bxa6 Ra4 26. Bb7 Rxa2 27. b4 Rb2 28. Bc5 f6 29. Bc6 Rc2 30. Kg2 Kf7 31. Be4 Rb2 32. Bd3 Rb3 33. Bf1 Rc3 34. Bd4 Rb3 35. Bc5 Rc3 36. Be3 Ke7 37. b5 Kd6 38. b6 Rb3 39. Bc4 Rb4 40. Bd3 Kc6 41. Bxh7 g5 42. h3 f5 43. Bg8 f4 44. gxf4 gxf4 45. Bd2 Rd4 46. Bc3 Rc4 47. Be5 Kxb6 48. Kf3 Rc8 49. Bxe6 Re8 50.
Bd4+ Kc6 51. Bf5 Kd5 52. Bg7 Re7 53. Bb2 Re1 54. h4 Rh1 55. Bf6 Rh2 56. Bg6 Ke6 57. Bd4 Rxh4 58. Be4 Kd6 59. Bb2 Ke6 60. Bd4 Kd6 61. Bf6 Rh2 62. Bg5 Ke6 63. Bxf4 Rh3+ 64. Kg4 Ra3 65. f3 Kf6 66. Bg5+ Ke5 67. Bf4+ Kf6 68.
Bc6 Rc3 69. Be4 Ra3 1/2-1/2

[Event "*** Titled Tuesday Blitz"]
[Site "Chess.com"]
[Date "2020.05.26"]
[Round "9"]
[White "Turquoise_2701"]
[Black "mortngabriel"]
[Result "0-1"]
[WhiteElo "2188"]
[BlackElo "2441"]
[TimeControl "180+1"]
[EndTime "11:53:35 PDT"]
[Termination "mortngabriel won by resignation"]

1. Nf3 f5 2. d3 d6 3. e4 e5 4.
Nc3 c5 5. g3 Nf6 6. Bg2 Nc6 7.
O-O Be7 8. Nh4 Nd4 9. exf5 O-O 10. g4 Nxg4 11. Qxg4 Bxh4 12. Bd5+ Kh8 13. Be3 Nxc2 14. Rac1 Bxf5 15. Qe2 Nd4 16. Bxd4 exd4 17. Ne4 Qe7 18. Rce1 Be6 19. Qh5 Bxd5 20. Qxd5 Rad8 21. Kh1 Qf7 22. Qxf7 Rxf7 23. Nxd6 Rxf2 24. Rxf2 Bxf2 25. Re2 Kg8 26. Nxb7 Rf8 27. Nxc5 Be3 28. Ne6 Rf1+ 29. Kg2 Ra1 30. a3 a5 31. Nc5 g5 32. Ne4 g4 33. h3 h5 34. hxg4 hxg4 35. Nf6+ Kf7 36.
Nxg4 Bf4 37. Re4 Bd6 38. Rxd4 Ke6 39. Nf2 Rb1 40. Re4+ Kd5 41. Re2 Bc5 42. Ne4 Bd4 43. Nc3+ Bxc3 44. bxc3 Rb3 45. c4+ Kd4 46. Rf2 Rxd3 47.
Rf5 a4 48. Rd5+ Kxc4 49. Ra5 Rxa3 50. Kf2 Kb4 51. Ra8 Rd3 52. Ke2 Rd6 53. Ke3 Ka3 54. Rb8 Ka2 55. Ke4 a3 56. Ke3 Rd1 57. Ke2 Rd7 58.
Rb6 Ka1 59. Ra6 a2 60. Rb6 Rd5 61. Ke3 Rd1 62. Ke2 Rb1 63. Rh6 Kb2 64. Rb6+ Kc3 65. Rc6+ Kd4 66. Rd6+ Ke5 67. Ra6 a1=Q 68. Rxa1 Rxa1 0-1

[Event "*** Titled Tuesday Blitz"]
[Site "Chess.com"]
[Date "2020.05.26"]
[Round "9"]
[White "tteshan"]
[Black "JLRHei"]
[Result "1-0"]
[WhiteElo "2206"]
[BlackElo "2317"]
[TimeControl "180+1"]
[EndTime "11:53:36 PDT"]
[Termination "tteshan won on time"]

1. e4 c5 2. c3 d5 3. exd5 Qxd5 4. d4 e6 5. Nf3 Nf6 6. Be3 cxd4 7.
cxd4 Nc6 8. Nc3 Qd6 9. Bd3 Be7 10. O-O O-O 11. Re1 Bd7 12. a3 Rac8 13. Qd2 Qb8 14. Rad1 Rfd8 15. Bb1 Be8 16. Bg5 g6 17. Bf4 Bd6 18. Bg5 Be7 19. Ba2 b5 20. Qe2 b4 21.
axb4 Nxb4 22. Bxe6 fxe6 23. Qxe6+ Bf7 24. Qxe7 Nfd5 25.
Nxd5 Nxd5 26. Qe5 Qxe5 27. dxe5 Re8 28. e6 Rxe6 29. Rxe6 Bxe6 30. Nd4 Bf7 31. Nb5 Rb8 32. Nxa7 Rxb2 33. h3 Kg7 34. Nc6 h6 35. Bh4 g5 36.
Bg3 Rc2 37. Nd8 Bg8 38. Be5+ Kg6 39. Ra1 Rc8 40. Ra6+ Kf5 41. Nc6 Rxc6 42. Rxc6 Kxe5 43. Rxh6 Nf4 44. Rh8 Be6 45. Rb8 Bd5 46. Rb5 Ke6 47.
f3 Ne2+ 48. Kf2 Nf4 49. Rb6+ Kf5 50. Rh6 Nd3+ 51. Ke3 Nf4 52. g4+ Ke5 53. h4 gxh4 54.
Rh8 h3 55. Re8+ Ne6 56. f4+ Kf6 57. Rh8 Bg2 58. Rh6+ Kf7 59. g5 Ng7 60. Kf2 Nf5 61. Rf6+ Kg7 62. Rxf5 Kg6 63. Rf6+ Kg7 64. Rh6 Kf7 65.
Kg3 Kg7 66. f5 Kf7 67. Rh7+ Kg8 68. Ra7 Be4 69. f6 Bf5 70. Rg7+ Kf8 71. Re7 Kg8 72. Rg7+ Kf8 73. g6 1-0

[Event "*** Titled Tuesday Blitz"]
[Site "Chess.com"]
[Date "2020.05.26"]
[Round "9"]
[White "talman67"]
[Black "Roaccutane"]
[Result "1-0"]
[WhiteElo "2578"]
[BlackElo "2700"]
[TimeControl "180+1"]
[EndTime "11:53:37 PDT"]
[Termination "talman67 won by checkmate"]

1. e4 d6 2. d4 Nf6 3. Nc3 g6 4. Be3 c6 5. h3 b5 6. e5 Nfd7 7. f4 Nb6 8. Nf3 b4 9. Ne4 Nd5 10.
Bd2 Bf5 11. Bd3 a5 12. g4 Bxe4 13. Bxe4 h5 14. Rg1 hxg4 15. hxg4 Nd7 16. Qe2 N7b6 17. e6 fxe6 18. Bxg6+ Kd7 19. Ng5 Bg7 20. Qxe6+ Kc7 21. Qf7 Qg8 22. Qxg8 Raxg8 23. Bf7 Bxd4 24. Ne6+ Kb7 25.
Nxd4 Rf8 26. Bxd5 Nxd5 27. f5 Rh2 28. O-O-O Rg8 29. Rde1 c5 30. Nf3 Rh7 31. g5 Rf7 32. Nh4 Rh7 33. Rg4 Kc6 34. g6 Rh5 35. Bg5 Kd7 36.
Ng2 a4 37. Nf4 Nxf4 38. Rxe7+ Kc6 39. Bxf4 Rxf5 40. g7 a3 41. bxa3 bxa3 42. Re6 Rf7 43. Rxd6+ Kb5 44. Rdg6 c4 45. R4g5+ Kb4 46. Bd2+ c3 47.
Rg4+ Kc5 48. Bxc3 Rf1+ 49. Kd2 Rf3 50. Bb4+ Kd5 51. Bf8 Ke5 52. Rg3 Rf2+ 53. Kc3 Rf7 54. Kb3 Ke4 55. Kxa3 Kf4 56. c4 Ke4 57. Kb4 Kd4 58.
c5 Rb7+ 59. Ka5 Kd5 60. Ka6 Rb2 61. Rd6+ Ke5 62. c6 Rxa2+ 63. Kb6 Rc2 64. Kc7 Rb2 65. Kd7 Ra2 66. c7 Ra7 67. Kd8 Ra8+ 68. c8=Q Ra7 69.
Qe6+ Kf4 70. Rd4+ Kxg3 71. Qg4+ Kf2 72. Rd2+ Ke3 73. Re2+ Kd3 74. Qe4+ Kc3 75. Rc2+ Kb3 76.
Qc4# 1-0

[Event "*** Titled Tuesday Blitz"]
[Site "Chess.com"]
[Date "2020.05.26"]
[Round "9"]
[White "Sweafty"]
[Black "AungTZ"]
[Result "1-0"]
[WhiteElo "2476"]
[BlackElo "2012"]
[TimeControl "180+1"]
[EndTime "11:53:37 PDT"]
[Termination "Sweafty won by checkmate"]

1. d4 Nf6 2. c4 e6 3. Nc3 Bb4 4.
f3 c5 5. d5 O-O 6. e4 d6 7.
Ne2 Re8 8. Ng3 a6 9. Be2 b5 10. O-O Bxc3 11. bxc3 bxc4 12. Bxc4 exd5 13. Bxd5 Nxd5 14.
Qxd5 Ra7 15. Bf4 Be6 16. Qxd6 Qa5 17. Be3 Nd7 18. Ne2 Rb7 19. a4 Bc4 20. Qd2 Reb8 21.
Rfe1 Ne5 22. Nf4 h6 23. Qd6 Nd7 24. Rac1 Qxa4 25. Nh5 Rb6 26. Qg3 Rg6 27. Qf2 Qc6 28.
Nf4 Rd6 29. Red1 Rxd1+ 30. Rxd1 a5 31. Nd5 Bxd5 32. exd5 Qb6 33. Bf4 Ra8 34. Qg3 a4 35. Bc7 Qg6 36. Qf2 a3 37. Qa2 Qf5 38. d6 Qe6 39. Ra1 Qxa2 40. Rxa2 Ne5 41. Kf1 Nd7 42. Ke2 f6 43. Kd3 Kf7 44. Kc2 Ke6 45. Kb3 Kd5 46.
Rxa3 c4+ 47. Kb2 Re8 48. Ra5+ Kc6 49. Ra2 Re2+ 50. Ka3 Rxa2+ 51. Kxa2 Nc5 52. Kb2 Na6 53. Ka3 Nc5 54. Kb4 Nd3+ 55. Kxc4 Nf4 56. g3 Ng2 57. Kd4 Ne1 58. c4 Nc2+ 59. Kc3 Ne3 60. Kd3 Nf5 61.
Ke4 Nxd6+ 62. Bxd6 Kxd6 63. Kf5 Kc5 64. Kg6 Kxc4 65.
Kxg7 Kd5 66. Kxf6 Kd4 67. Kg6 Ke3 68. Kxh6 Kf2 69. f4 Kf3 70. f5 Kg4 71. f6 Kf5 72. f7 Ke4 73. f8=Q Kd3 74. Qf4 Kc2 75. Qe3 Kd1 76. Qf2 Kc1 77. Kg5 Kb1 78. Kf4 Ka1 79. Ke4 Kb1 80. Kd3 Kc1 81. Kc3 Kd1 82.
Qf1# 1-0

[Event "*** Titled Tuesday Blitz"]
[Site "Chess.com"]
[Date "2020.05.26"]
[Round "9"]
[White "Semetey"]
[Black "FrogMist"]
[Result "1-0"]
[WhiteElo "2527"]
[BlackElo "2353"]
[TimeControl "180+1"]
[EndTime "11:53:38 PDT"]
[Termination "Semetey won on time"]

1. Nf3 Nf6 2. g3 d5 3. Bg2 e6 4.
b3 Be7 5. c4 O-O 6. Bb2 b6 7. O-O c5 8. cxd5 Nxd5 9. d4 Nd7 10. Nc3 Nxc3 11. Bxc3 Bb7 12. Rc1 Rc8 13. e3 cxd4 14. Nxd4 Bxg2 15. Kxg2 Ba3 16. Rc2 Nf6 17. Nb5 Qxd1 18. Rxd1 Bb4 19. Rdc1 Bxc3 20. Rxc3 Rxc3 21.
Rxc3 Nd5 22. Rc4 a6 23. Nd6 Rd8 24. Rc6 Rb8 25. a3 Kf8 26. e4 Ne7 27. Rc7 b5 28.
Ra7 f5 29. Rxa6 g6 30. f4 b4 31. a4 fxe4 32. Nxe4 Rc8 33. Rxe6 Rc2+ 34. Kh3 Kf7 35. Ng5+ Ke8 36. Rb6 Nd5 37. Rb5 Ne3 38. Rxb4 h6 39. Nf3 Nf1 40. Re4+ Kd8 41. Re1 Rf2 42. Ne5 h5 43. Rxf1 Rxf1 44. Nxg6 Rb1 45. Kh4 Rb2 46.
h3 Rxb3 47. Ne5 Ke7 48. a5 Ra3 49. Nc4 Ra4 50. Ne5 Kf6 51. Kxh5 Rxa5 52. Kg4 Ra3 53. Nf3 Kg6 54. Ng5 Ra4 55. h4 Rb4 56. h5+ Kh6 57. Kh4 Ra4 58. Nf3 Ra5 59. Ne5 Rb5 60.
Ng4+ Kh7 61. Ne3 Kh6 62. g4 Rb3 63. Nf5+ Kh7 64. g5 Rb1 65. Kg4 Rg1+ 66. Ng3 Kg7 67. f5 Ra1 68. h6+ Kh7 69. Kh5 Ra3 70. g6+ Kg8 71.
Ne4 Kh8 72. Kg5 Ra6 73. g7+ 1-0

[Event "*** Titled Tuesday Blitz"]
[Site "Chess.com"]
[Date "2020.05.26"]
[Round "9"]
[White "Carnivoras"]
[Black "Onwgs"]
[Result "1-0"]
[WhiteElo "2616"]
[BlackElo "2469"]
[TimeControl "180+1"]
[EndTime "11:53:39 PDT"]
[Termination "Carnivoras won by resignation"]

1. d4 Nf6 2. Nf3 g6 3. Bf4 Bg7 4. Nbd2 d5 5. e3 O-O 6. Be2 Nbd7 7. O-O h6 8. c4 c6 9. b4 Nh5 10. Bg3 Nxg3 11. hxg3 e5 12. cxd5 cxd5 13. dxe5 Nxe5 14.
Nxe5 Bxe5 15. Rc1 Bf5 16. Nf3 Bg7 17. Bd3 Bg4 18. Be2 Qb6 19. a3 Rfd8 20. Nd4 Bxe2 21. Nxe2 d4 22. Nxd4 Bxd4 23. exd4 Rxd4 24. Qf3 Rad8 25.
Rfe1 R8d7 26. Re8+ Kg7 27. Rcc8 Rd8 28. Re7 Qf6 29.
Qxf6+ Kxf6 30. Rxd8 Rxd8 31. Rxb7 a5 32. bxa5 Rd3 33.
a6 Rxa3 34. a7 g5 35. Kf1 Ra2 36. Ke1 Ke6 37. Kd1 f5 38. Kc1 h5 39. Kb1 Ra5 40. Kb2 Kd6 41. Rh7 h4 42. gxh4 gxh4 43. Kc3 Ra3+ 44.
Kd4 Ra4+ 45. Ke3 Ke5 46. Re7+ Kf6 47. Rb7 Ke5 48. Kd3 Kd5 49. Kc3 Kc5 50. Rf7 Ra3+ 51.
Kb2 Ra6 52. Rxf5+ Kd4 53. Rf7 Kc4 54. Kc2 Ra2+ 55. Kd1 Kd3 56. Rd7+ Ke4 57. Ke1 Ra1+ 58. Kd2 Ra2+ 59. Kc3 Ke5 60. Rh7 Kd6 61. Kd3 Kd5 62.
Ke3 Ke5 63. Kf3 Kf5 64. Rxh4 Ra3+ 65. Ke2 Rxa7 66. g3 Ra2+ 67. Kf3 Ra3+ 68. Kg2 Ra2 69. Rb4 Rc2 70. g4+ Kg5 71. Kg3 Rc3+ 72. f3 Rc5 73. f4+ Kg6 74. Rb6+ Kg7 75. g5 Ra5 76. Kg4 Ra1 77.
Rb7+ Kg8 78. g6 Rg1+ 79. Kf5 Ra1 80. Kg5 Ra5+ 81. f5 Ra1 82. Rb6 Ra8 83. f6 Rc8 84.
Kh6 Ra8 85. Rb7 Rc8 86. Rg7+ Kf8 87. Rh7 Kg8 88. f7+ 1-0

[Event "*** Titled Tuesday Blitz"]
[Site "Chess.com"]
[Date "2020.05.26"]
[Round "9"]
[White "Cambek64"]
[Black "RubensCezila"]
[Result "0-1"]
[WhiteElo "2295"]
[BlackElo "2463"]
[TimeControl "180+1"]
[EndTime "11:53:39 PDT"]
[Termination "RubensCezila won on time"]

1. e4 c6 2. d4 d5 3. Nc3 dxe4 4.
Nxe4 Nf6 5. Nxf6+ exf6 6. Bc4 Bd6 7. Ne2 O-O 8. Bf4 Bg4 9. f3 Bxf4 10. Nxf4 Re8+ 11.
Ne2 Bf5 12. c3 Nd7 13. O-O Nb6 14. Bd3 Bxd3 15. Qxd3 Nd5 16. Ng3 Qb6 17. Qd2 Ne3 18.
Rf2 c5 19. dxc5 Qxc5 20. Ne4 Rxe4 21. fxe4 Ng4 22. Qd4 Qh5 23. h3 Nxf2 24. Qxf2 b6 25. Qf5 Qe2 26. b3 Re8 27. Qf3 Rxe4 28. Rd1 g6 29.
Rd8+ Kg7 30. Qxe2 Rxe2 31. a4 Rc2 32. Rd7 Rxc3 33. b4 Rc4 34. a5 Rxb4 35. a6 b5 36. Rxa7 Ra4 37. Kf2 b4 38. Ke3 b3 39. Kd3 Ra2 40. Kc3 b2 41. Kc2 b1=Q+ 42. Kxb1 Rxg2 43. Rb7 Rg5 44. a7 Ra5 45. Kb2 g5 46. Kb3 h5 47.
Kb4 Ra1 48. Kc5 Kg6 49. Kb5 g4 50. h4 g3 51. Kb6 g2 52. Rb8 Rxa7 53. Kxa7 Kf5 54.
Kb7 Kf4 55. Rg8 Kf3 56. Kc6 f5 0-1